 Dungeon Crawl Stone Soup version 0.18.1-48-g4cf74bf (webtiles) character file.

533 Inkary the Skirmisher (level 7, -7/61 (62) HPs)
             Began as a Ghoul Fighter on July 27, 2016.
             Was a Follower of Okawaru.
             Splashed by a jelly's acid (9 damage)
             ... on level 5 of the Dungeon on July 28, 2016.
             The game lasted 00:10:14 (3896 turns).

Inkary the Skirmisher (Ghoul Fighter)               Turns: 3896, Time: 00:10:15

HP:   -7/61 (62)    AC: -8    Str: 22    XL:     7   Next: 24%
MP:   6/6           EV:  9    Int:  3    God:    Okawaru [*.....]
Gold: 303           SH:  0    Dex:  8    Spells: 0 memorised, 6 levels left

rFire  . . .     SeeInvis .       - Unarmed
rCold  + . .     Gourm    .     a - +0 scale mail
rNeg   + + +     Faith    .     (no shield)
rPois  ∞         Spirit   .     (no helmet)
rElec  .         Dismiss  .     (no cloak)
rCorr  .         Reflect  .     (no gloves)
SustAt .         Harm     .     (no boots)
MR     .....                    (no amulet)
Stlth  ..........               (no ring)
                                (no ring)

@: corroded, rotting, not resistant to hostile enchantments, extremely
unstealthy
A: rotting body, claws 1, carnivore 3, cold resistance 1, negative energy
resistance 3, slow regeneration 1, torment resistance, unbreathing
a: Heroism, Renounce Religion


You were on level 5 of the Dungeon.
You worshipped Okawaru.
Okawaru was aware of your devotion.
You were not hungry.

You visited 1 branch of the dungeon, and saw 5 of its levels.

You collected 303 gold pieces.

Inventory:

Armour
 a - a +0 scale mail (worn)
 b - a +0 shield
Jewellery
 n - an uncursed ring of protection from fire {unknown}
 w - an uncursed ring of fire {unknown}
Wands
 u - a wand of slowing (9/48)
Scrolls
 e - a scroll of random uselessness {unknown}
 f - 2 scrolls of blinking {unknown}
 g - 2 scrolls of immolation {unknown}
 l - 3 scrolls of remove curse {unknown}
 m - 3 scrolls of identify {unknown}
 q - a scroll of magic mapping {unknown}
 r - a scroll of enchant weapon {unknown}
 t - a scroll of enchant armour {unknown}
 y - a scroll of teleportation {unknown}
Potions
 c - 2 potions of might
 i - 2 potions of heal wounds {unknown}
 j - a potion of agility {unknown}
 k - 2 potions of lignification {unknown}
 o - 3 potions of haste {unknown}
 p - 2 potions of curing {unknown}
 s - a potion of berserk rage {unknown}
 v - 2 potions of brilliance {unknown}
 x - a potion of resistance {unknown}
 z - a potion of flight {unknown}
Comestibles
 d - 5 meat rations
 h - a royal jelly


   Skills:
 + Level 5.7 Fighting
 + Level 4.6 Armour
 - Level 2.6 Shields
 + Level 5.2 Unarmed Combat


You had 6 spell levels left.
You didn't know any spells.

Dungeon Overview and Level Annotations

Branches:
Dungeon (5/15)             Temple (0/1) D:4

Altars:
Ashenzari
Makhleb
Nemelex Xobeh
Okawaru
Trog
Vehumet

Annotations:
D:3 junkhipster's ghost, amateur GrFi
D:4 Situis's ghost, amateur GrFi


Innate Abilities, Weirdness & Mutations

Your body is rotting away.
You thrive on raw meat.
You are immune to poison.
You have sharp fingernails.
You are carnivorous and can eat meat at any time.
Your flesh is cold resistant.
You are immune to negative energy.
You regenerate slowly when monsters are visible.
You are immune to unholy pain and torment.
You can survive without breathing.


Message History

* * * LOW HITPOINT WARNING * * *
You feel your flesh rotting away. The jelly closely misses you.
The orc wizard casts a spell.
The orc wizard blinks!
You see here a long sword.
The orc wizard mumbles some strange words.
The orc wizard blinks!
The orc wizard gestures at you while chanting.
The magic dart hits you!
* * * LOW HITPOINT WARNING * * *
There is a stone staircase leading down here.
The orc wizard mumbles some strange words.
The orc wizard blinks!
Eat which item? (? for menu, Esc to quit)
You can't eat that!
The jelly hits you.
* * * LOW HITPOINT WARNING * * *
You are splashed with acid!
The acid burns!
You die...

...##...)# #.# #..#......
#..##....# #.########..###.###
...#.....# #...........# #.#
...#.##### ##.#########.# #.#
...#.# #.....######'###.#
.#.#.# #.....##......##.#
.#.#.### #................#
.#.#.#.#######.....##......####
................@...#####.##
##..........##..J...# #.#
#..>...######......# #.#
##.....# #......# #.# #.....#
######.# #.# ####..# #.# #.#
#..# #.# #.# #..# ###.#
#.####### #..># #.....).#


You could see a jelly.

Vanquished Creatures
  An ogre (D:5)
  A scorpion (D:4)
  2 orc priests
  2 orc wizards
  2 giant frog skeletons (D:4)
  2 iguanas
  A worker ant (D:4)
  Robin (D:4)
  5 adders
  2 worms (D:2)
  2 dart slugs (D:2)
  A giant gecko (D:5)
  10 orcs
  2 ball pythons
  6 giant cockroaches
  15 goblins
  7 hobgoblins
  5 jackals
  2 quokkas (D:4)
  5 bats
  A giant gecko zombie (D:5)
  6 giant newts
  A jackal skeleton (D:4)
  3 kobolds
  5 rats
90 creatures vanquished.

Notes
Turn   | Place    | Note
--------------------------------------------------------------
     0 | D:1      | Inkary the Ghoul Fighter began the quest for the Orb.
     0 | D:1      | Reached XP level 1. HP: 19/19 MP: 0/0
   146 | D:1      | Reached XP level 2. HP: 26/26 MP: 1/1
   793 | D:2      | Reached XP level 3. HP: 33/33 MP: 2/2
   916 | D:2      | Found an iron altar of Okawaru.
   958 | D:2      | Became a worshipper of Warmaster Okawaru
  1654 | D:3      | Noticed junkhipster's ghost (amateur GrFi)
  1662 | D:2      | Reached XP level 4. HP: 37/40 MP: 3/3
  2177 | D:3      | Found a sparkling altar of Nemelex Xobeh.
  2267 | D:3      | Found a burning altar of Makhleb.
  2276 | D:3      | Found a sparkling altar of Nemelex Xobeh.
  2290 | D:3      | Found a shattered altar of Ashenzari.
  2338 | D:3      | Found a radiant altar of Vehumet.
  2462 | D:4      | Reached XP level 5. HP: 47/47 MP: 4/4
  2499 | D:4      | Found a staircase to the Ecumenical Temple.
  2530 | D:4      | Noticed Robin
  2589 | D:4      | Killed Robin
  2650 | D:4      | Reached * piety under Okawaru
  2661 | D:4      | Reached skill level 5 in Fighting
  2661 | D:4      | Reached XP level 6. HP: 53/56 MP: 5/5
  3146 | D:4      | Noticed Situis's ghost (amateur GrFi)
  3407 | D:5      | Entered Level 5 of the Dungeon
  3407 | D:5      | Found a bloodstained altar of Trog.
  3557 | D:5      | Reached skill level 5 in Unarmed Combat
  3557 | D:5      | Reached XP level 7. HP: 41/62 MP: 6/6
  3896 | D:5      | HP: 2/61 [jelly (3)]
  3896 | D:5      | Splashed by a jelly's acid

Skill      XL: |  1  2  3  4  5  6 |
---------------+-------------------+-----
Armour         | 3 4 |  4.6
Fighting       | 4 5 |  5.7
Unarmed Combat | 3 4 5 |  5.2
Shields        | |  2.6

Action                   |  1- 3 |  4- 6 |  7- 9 || total
-------------------------+-------+-------+-------++-------
Melee: Unarmed           |   115 |   223 |    20 ||   358
       Punch             |       |     4 |       ||     4
  Eat: Chunk             |     3 |    21 |     3 ||    27
Armor: Scale mail        |    51 |    87 |     6 ||   144
Dodge: Dodged            |    60 |    96 |     5 ||   161
